 Dungeon Crawl Stone Soup version 0.22.1-2-g9c5b331 (webtiles) character file.

245812 HoaS the Wrestler (level 19, -3/128 HPs)
             Began as a Gargoyle Berserker on Dec 29, 2018.
             Was a High Priest of Trog.
             Slain by a nagaraja (16 damage)
             ... on level 4 of the Snake Pit on Dec 30, 2018.
             The game lasted 02:33:50 (40840 turns).

HoaS the Wrestler (Gargoyle Berserker)             Turns: 40840, Time: 02:33:51

Health: -3/128     AC: 52    Str: 28    XL:     19   Next: 94%
Magic:  19/19      EV: 16    Int:  5    God:    Trog [*****.]
Gold:   764        SH:  0    Dex: 15    Spells: 18/18 levels left

rFire    + . .     SeeInvis +     - Unarmed
rCold    . . .     Gourm    .   (no shield)
rNeg     + + .     Faith    .   R - +6 scale mail of Parlour Games {rN+ rCorr Int-2 Slay+2}
rPois    ∞         Spirit   .   Q - +0 helmet {SInv}
rElec    +         Reflect  .   M - +2 cloak of Tungy {rPois rF+ Int-2 SInv}
rCorr    +         Harm     .   k - +2 pair of gloves
MR       +++..                  e - +2 pair of boots
Stlth    ..........             t - amulet of the acrobat
HPRegen  1.31/turn              J - +6 ring of strength
MPRegen  0.16/turn              W - ring of Robustness {AC+8}

@: flying, starving, regenerating, constricted
A: big wings, negative energy resistance 1, screaming 1, electricity resistance,
unbreathing, petrification resistance, rot immunity, AC +14
}: 1/15 runes: barnacled
a: Stop Flying, Berserk, Trog's Hand, Brothers in Arms, Renounce Religion


You were on level 4 of the Snake Pit.
You worshipped Trog.
Trog was extremely pleased with you.
You were starving.

You visited 6 branches of the dungeon, and saw 33 of its levels.
You visited 1 bazaar.
You also visited: Sewer and Ice Cave.

You collected 3200 gold pieces.
You spent 2436 gold pieces at shops.

Inventory:

Armour
 e - a +2 pair of boots (worn)
 k - a +2 pair of gloves (worn)
 l - a scarf of spirit shield
 D - a +0 plate armour
 M - the +2 cloak of Tungy (worn) {rPois rF+ Int-2 SInv}
   (You found it on level 4 of the Shoals)

   It affects your intelligence (-2).
   It protects you from fire.
   It protects you from poison.
   It lets you see invisible.
 Q - a +0 helmet of see invisible (worn)
 R - the +6 scale mail of Parlour Games (worn) {rN+ rCorr Int-2 Slay+2}
   (You found it on level 4 of the Shoals)

   It affects your intelligence (-2).
   It affects your accuracy and damage with ranged weapons and melee attacks
   (+2).
   It protects you from negative energy.
   It provides partial protection from all sources of acid and corrosion.
Jewellery
 d - an uncursed amulet of guardian spirit
 t - an amulet of the acrobat (around neck)
 C - an uncursed ring of positive energy
 F - an uncursed ring of positive energy
 J - a +6 ring of strength (left hand)
 P - an uncursed ring of protection from magic
 W - the ring of Robustness (right hand) {AC+8}
   (You bought it in a shop on level 4 of the Snake Pit)

   [ring of protection]

   It affects your AC (+8).
 X - an uncursed amulet of regeneration {unknown}
 Y - an uncursed ring of protection from magic
Wands
 i - a wand of acid (6)
 v - a wand of iceblast (8)
 w - a wand of enslavement (28)
 x - a wand of paralysis (11)
 y - a wand of polymorph (12)
 z - a wand of digging (28)
 A - a wand of flame (51)
 E - a wand of random effects (81)
 O - a wand of scattershot (1)
Scrolls
 c - 15 scrolls of teleportation
 m - 14 scrolls of remove curse
 u - 4 scrolls of blinking
 G - 2 scrolls of fog
 H - 4 scrolls of magic mapping
 K - 5 scrolls of identify
 L - 4 scrolls of fear
 U - a scroll of silence {unknown}
 V - a scroll of enchant armour
Potions
 a - 15 potions of curing
 f - 11 potions of flight
 g - 8 potions of lignification
 h - 15 potions of haste
 j - 3 potions of cancellation
 n - a potion of resistance
 o - 3 potions of mutation
 p - 3 potions of agility
 q - 7 potions of might
 r - 5 potions of berserk rage
 s - 2 potions of ambrosia
 I - 3 potions of invisibility
 N - 3 potions of magic
 S - a potion of heal wounds
Miscellaneous
 B - a lightning rod (4/4)
 T - a lightning rod (4/4)
Comestibles
 b - 44 rations


   Skills:
 + Level 17.0 Fighting
 + Level 16.9 Armour
 + Level 13.5 Dodging
 * Level 21.0 Unarmed Combat


You had 18 spell levels left.
You didn't know any spells.
Your spell library was empty.

Dungeon Overview and Level Annotations

Branches:
Dungeon (15/15)            Temple (0/1) D:6            Lair (6/6) D:11
 Shoals (4/4) Lair:4        Snake (4/4) Lair:4        Slime (0/5) Lair:5
    Orc (2/2) D:10            Elf (2/3) Orc:2        Vaults (0/5) D:13
 Depths (0/5) D:15

Altars:
Dithmenos
Elyvilon
Fedhas
Gozag
Vehumet
Wu Jian
The Shining One
Beogh

Shops:
D:5 ?   Orc:2 (=*[   Elf:1 :(   Shoals:1 }   Shoals:3 (   Snake:2 :
Snake:4 =*

Annotations:
Snake:1 3 runed doors, Gearfox's ghost, journeyman DrFi; Miblod's ghost, adept GrEE; MordorOrchid's ghost, adept OpVM


Innate Abilities, Weirdness & Mutations

You are resistant to torment.
Your stone body is resilient. (AC +14)
You are immune to poison.
Your large and strong wings let you fly indefinitely.
You resist negative energy. (rN+)
You are resistant to electric shocks. (rElec)
You can survive without breathing.
You are immune to petrification.
You are immune to rotting.
You occasionally shout uncontrollably at your foes.


Message History

The anaconda constricts you. The nagaraja misses you.
The naga hits you but does no damage.
Your deep troll misses the mana viper.
Your deep troll claws the mana viper!
Your deep troll closely misses the mana viper.
The naga warrior barely misses you. The naga hits you but does no damage.
The naga sharpshooter casts a spell.
The naga sharpshooter magically shoots an arrow.
The arrow hits you but does no damage.
Your troll bites the nagaraja.
Your troll barely misses the nagaraja.
Your troll claws the nagaraja!
The mana viper bites you but does no damage.
You hit the anaconda but do no damage.
The naga sharpshooter casts a spell.
The naga sharpshooter magically shoots an arrow.
The arrow hits you!
* * * LOW HITPOINT WARNING * * *
The guardian serpent hits your deep troll!
The anaconda bites you.
* * * LOW HITPOINT WARNING * * *
The anaconda constricts you. The nagaraja hits you!
You die...

#....###...# #...#
##......##...# #...#
######....#...##.N.##[..#
#..............##......#
##..............##..÷.#
#....#.........)##[)###
##........((TSS)NNN...#
##........#TNNN#####.##
#...##...#S@N........##.
###...##....NNS#.#........
#.)..........#.#.......###
##...)##)).....###..########
#))).)))......# ##...##...#
#(#...)..#....## #....)...#
#(#.....)###...#
#........### #(######[#
#...###.###..#.... ##(##
#[###..###...###......


You could see a naga warrior, 2 nagarajas, 2 naga sharpshooters, a salamander
mystic, an anaconda, a mana viper, a guardian serpent, a black mamba, a naga
mage, 2 nagas, a friendly deep troll (berserk) and a friendly troll (berserk).

Vanquished Creatures
  Saint Roka (Snake:2)
  Vashnia (Snake:2)
  Rupert (Lair:3)
  Agnes (Elf:1)
  Kirke (D:14)
  2 nagarajas
  A deep elf sorcerer (Elf:1)
  An orc warlord (Orc:2)
  The ghost of Muheiph the Bludgeoner, a journeyman MiFi of Cheibriados (Shoals:2)
  Nessos (D:13)
  A deep elf demonologist (Elf:2)
  Azrael (D:13)
  A white draconian (IceCv)
  An ettin (D:15)
  9 merfolk impalers
  3 merfolk javelineers
  An ogre mage (D:13)
  10 hydras
  Erolcha (D:13)
  13 anacondas
  10 naga warriors
  An alligator snapping turtle (Shoals:2)
  A catoblepas (Lair:6)
  2 centaur warriors
  6 merfolk avatars
  4 two-headed ogres
  11 dancing weapons
  An alligator (Shoals:3)
  2 death knights
  4 tengu warriors
  3 merfolk aquamancers (Shoals:4)
  5 death yaks (Lair:6)
  A satyr (Shoals:4)
  5 orc high priests
  9 shock serpents
  18 naga sharpshooters
  8 deep elf knights
  2 unseen horrors (D:13)
  A salamander mystic (Snake:4)
  7 deep elf archers
  6 naga ritualists
  14 sea snakes
  5 orc knights
  A wizard (Elf:1)
  5 mana vipers
  14 harpies
  18 fauns
  A phantasmal warrior (D:15)
  28 deep elf magi
  An oklob plant (Lair:2)
  5 ugly things
  15 cyclopes
  10 salamanders
  4 orc sorcerers
  10 elephants
  23 manticores
  31 black mambas
  A torpor snail (Lair:4)
  An ice statue (IceCv)
  9 naga magi
  3 guardian serpents
  12 merfolk sirens
  19 spiny frogs
  8 water nymphs
  A gargoyle (D:10)
  6 rime drakes (Lair:4)
  7 komodo dragons
  A tengu conjurer (D:15)
  A freezing wraith (D:15)
  A meliai (shapeshifter) (D:13)
  3 meliai (Lair:4)
  38 merfolk
  3 trolls
  A queen bee (Lair:4)
  18 polar bears
  9 slime creatures
  4 hornets
  Prince Ribbit (D:8)
  4 wind drakes
  16 blink frogs
  A hornet (shapeshifter) (D:13)
  3 tyrant leeches (Lair:6)
  11 dream sheep
  11 hippogriffs
  The ghost of lapinsky the Shield-Bearer, an amateur GrFi of Xom (D:4)
  8 snapping turtles
  A meliai zombie (D:15)
  Sigmund (D:2)
  3 air elementals
  4 shadows
  51 yaks
  3 wyverns
  7 water elementals
  A human (D:11)
  3 wraiths
  2 basilisks
  10 vampire mosquitoes
  3 fire elementals
  2 hungry ghosts
  8 wargs
  A soldier ant (D:13)
  40 nagas
  2 hell hounds (D:13)
  17 water moccasins
  9 porcupines
  Duvessa (D:5)
  2 ice beasts
  Purgy (Sewer)
  39 orc warriors
  An eye of draining (D:11)
  2 black bears
  A necrophage (D:11)
  3 sky beasts
  59 wolves
  9 ogres
  2 boggarts (Elf:1)
  4 centaurs
  10 crocodiles
  2 big kobolds (D:11)
  25 bullfrogs
  Dowan (D:5)
  An earth elemental (Elf:1)
  A wyvern skeleton (D:8)
  2 scorpions
  56 killer bees
  2 electric eels (Lair:6)
  3 wights (D:11)
  10 howler monkeys
  4 crimson imps
  A quasit (D:9)
  A jelly (D:13)
  A bullfrog zombie (D:8)
  7 hounds
  3 centaur zombies
  17 orc priests
  Crazy Yiuf (D:2)
  23 orc wizards
  A bullfrog skeleton (D:8)
  6 centaur skeletons
  Terence (D:2)
  9 worker ants
  5 hell rats (Lair:4)
  A hound skeleton (D:9)
  A howler monkey zombie (D:8)
  7 gnolls
  A river rat (D:3)
  8 adders
  A shadow imp (D:10)
  12 white imps
  An adder zombie (D:7)
  An adder skeleton (D:5)
  A worm (D:4)
  2 dart slugs
  3 leopard geckos
  71 orcs
  8 bats
  9 giant cockroaches
  7 goblins
  7 hobgoblins
  5 jackals
  3 quokkas
  2 ball pythons (D:3)
  4 frilled lizards
  A jackal skeleton (D:6)
  16 kobolds
  3 quokka skeletons
  8 rats
  A bush (Lair:2)
  A fungus (D:2)
1216 creatures vanquished.

Vanquished Creatures (collateral kills)
  Nikola (Shoals:3)
  A nagaraja (Snake:4)
  A merfolk impaler (Shoals:4)
  A merfolk javelineer (Shoals:4)
  2 merfolk aquamancers (Shoals:4)
  A naga ritualist (Snake:4)
  3 harpies (Shoals:3)
  A manticore (Shoals:4)
  A faun (Shoals:3)
  2 merfolk sirens
  A black mamba (Snake:4)
  A naga mage (Snake:4)
  8 merfolk
  A snapping turtle (Shoals:3)
  2 nagas (Snake:4)
  2 water moccasins
  A bat (Shoals:3)
30 creatures vanquished.

Vanquished Creatures (others)
  A tengu warrior (D:15)
  A sea snake (Shoals:3)
  A harpy (Shoals:3)
  2 fauns
  A centaur skeleton (D:14)
  A spiny frog (Lair:6)
  A human (D:14)
  A wyvern skeleton (D:14)
  A kobold (D:11)
  A bush (Lair:6)
  30 fungi
  54 plants
  4 withered plants (Snake:1)
99 creatures vanquished.

Grand Total: 1345 creatures vanquished

Notes
Turn   | Place    | Note
-------+----------+-------------------------------------------
     0 | D:1      | HoaS the Gargoyle Berserker began the quest for the Orb.
     0 | D:1      | Reached XP level 1. HP: 14/14 MP: 1/1
   100 | D:1      | Reached XP level 2. HP: 10/19 MP: 2/2
   453 | D:1      | Reached ** piety under Trog
   507 | D:1      | Reached XP level 3. HP: 23/23 MP: 3/3
   809 | D:2      | Noticed Terence
   830 | D:2      | Killed Terence
   854 | D:2      | Reached XP level 4. HP: 20/29 MP: 4/4
   965 | D:2      | Found a shadowy altar of Dithmenos.
  1005 | D:2      | Found a radiant altar of Vehumet.
  1029 | D:2      | Noticed Sigmund
  1153 | D:2      | Killed Sigmund
  1153 | D:2      | Reached skill level 4 in Unarmed Combat
  1153 | D:2      | Reached XP level 5. HP: 34/34 MP: 5/5
  1153 | D:2      | Reached XP level 6. HP: 39/39 MP: 6/6
  1516 | D:2      | Found a glowing golden altar of the Shining One.
  1805 | D:2      | Found a runed door.
  1809 | D:2      | Noticed Crazy Yiuf
  1818 | D:2      | Killed Crazy Yiuf
  2030 | D:3      | Found a glowing drain.
  2229 | Sewer    | Entered a sewer
  2276 | Sewer    | Noticed Purgy
  2285 | Sewer    | Killed Purgy
  2285 | Sewer    | Reached skill level 5 in Unarmed Combat
  2676 | D:3      | Reached XP level 7. HP: 42/44 MP: 7/7
  3222 | D:4      | Reached *** piety under Trog
  3298 | D:4      | Found a runed door.
  3307 | D:4      | Noticed lapinsky's ghost (amateur GrFi)
  3735 | D:5      | Entered Level 5 of the Dungeon
  3735 | D:5      | Noticed Dowan
  3738 | D:5      | Noticed Duvessa
  3743 | D:4      | Reached skill level 5 in Fighting
  3897 | D:5      | Killed Duvessa
  3897 | D:5      | Reached skill level 6 in Unarmed Combat
  3901 | D:5      | Killed Dowan
  4057 | D:5      | Reached XP level 8. HP: 49/49 MP: 8/8
  4245 | D:5      | Reached skill level 5 in Armour
  4479 | D:5      | Found Zifoduar's Magic Scroll Shoppe.
  4483 | D:5      | Bought a scroll of teleportation for 33 gold pieces
  4483 | D:5      | Bought a scroll of identify for 22 gold pieces
  4483 | D:5      | Bought a scroll of identify for 22 gold pieces
  4483 | D:5      | Bought a scroll of identify for 22 gold pieces
  4646 | D:5      | Found an opulent altar of Gozag.
  4701 | D:6      | Reached skill level 7 in Unarmed Combat
  4954 | D:6      | Found a staircase to the Ecumenical Temple.
  5565 | D:7      | Reached XP level 9. HP: 46/55 MP: 9/9
  5624 | D:7      | Reached skill level 8 in Unarmed Combat
  5794 | D:7      | Reached **** piety under Trog
  6425 | D:8      | Found a blossoming altar of Fedhas.
  6520 | D:8      | Reached skill level 5 in Dodging
  6642 | D:8      | Found the +7 great mace "Undeadhunter" {disrupt, rN+}
  6643 | D:8      | Noticed Prince Ribbit
  6960 | D:9      | Found a shadowy altar of Dithmenos.
  7046 | D:9      | Noticed a hornet
  7065 | D:9      | Killed a hornet
  7065 | D:9      | Reached skill level 9 in Unarmed Combat
  7132 | D:9      | Reached XP level 10. HP: 42/63 MP: 4/10
  7573 | D:9      | You fall through a shaft for 2 floors!
  7625 | D:10     | Entered Level 10 of the Dungeon
  7790 | D:10     | Noticed a two-headed ogre
  7809 | D:10     | Killed a two-headed ogre
  8127 | D:10     | Reached skill level 10 in Unarmed Combat
  8128 | D:10     | Found a staircase to the Orcish Mines.
  8445 | D:10     | Noticed a gargoyle
  8472 | D:10     | Killed a gargoyle
  8645 | D:9      | Found a white marble altar of Elyvilon.
  8831 | D:9      | Found an ornate altar of the Wu Jian Council.
  9226 | D:11     | Noticed a deep elf mage
  9258 | D:11     | Killed a deep elf mage
  9440 | D:9      | Got a distressingly furry ring mail
  9452 | D:9      | Identified the cursed +1 ring mail "Irofeop" {Str+4 Slay+2}
                  | (You took it off an orc priest on level 9 of the Dungeon)
  9543 | D:11     | Reached XP level 11. HP: 60/69 MP: 8/11
  9791 | D:11     | Noticed a deep elf mage
  9815 | D:11     | Killed a deep elf mage
  9815 | D:11     | Reached skill level 11 in Unarmed Combat
  9843 | D:11     | Reached ***** piety under Trog
  9900 | D:11     | Noticed a manticore
  9916 | D:11     | Killed a manticore
  9972 | D:11     | Found a staircase to the Lair.
 10119 | D:12     | Noticed a two-headed ogre
 10136 | D:12     | Killed a two-headed ogre
 11238 | D:8      | Killed Prince Ribbit
 11347 | D:4      | Killed lapinsky's ghost
 11503 | Lair:1   | Entered Level 1 of the Lair of Beasts
 11850 | D:11     | Reached skill level 12 in Unarmed Combat
 11947 | Lair:1   | Reached XP level 12. HP: 62/77 MP: 10/12
 11966 | Lair:1   | Reached skill level 10 in Fighting
 12236 | Lair:1   | Reached skill level 10 in Armour
 12952 | Lair:2   | Found a frozen archway.
 12987 | Lair:1   | Received a gift from Trog
 13152 | IceCv    | Entered an ice cave
 13161 | IceCv    | Reached skill level 13 in Unarmed Combat
 14309 | IceCv    | Noticed a white draconian
 14355 | IceCv    | Killed a white draconian
 14355 | IceCv    | Reached XP level 13. HP: 58/84 MP: 6/13
 15191 | Lair:2   | Reached skill level 14 in Unarmed Combat
 15858 | Lair:3   | Noticed Rupert
 15895 | Lair:3   | Killed Rupert
 16862 | Lair:4   | Found a staircase to the Snake Pit.
 16867 | Lair:4   | Received a gift from Trog
 17474 | Lair:4   | Gained mutation: Your large and strong wings let you fly
                  | indefinitely. [Gargoyle growth]
 17474 | Lair:4   | Reached XP level 14. HP: 74/92 MP: 14/14
 17969 | Lair:4   | Reached skill level 15 in Unarmed Combat
 18760 | Lair:4   | Found a staircase to the Shoals.
 18912 | Lair:5   | Received a gift from Trog
 19103 | Lair:5   | Found a staircase to the Slime Pits.
 19223 | Lair:5   | Got a faintly humming leather armour
 19270 | Lair:5   | Identified the cursed +1 leather armour "Rucsim" {rN+ Int+4
                  | Dex+6} (You found it on level 5 of the Lair of Beasts)
 19771 | Lair:6   | Entered Level 6 of the Lair of Beasts
 20219 | Lair:6   | Received a gift from Trog
 20495 | Lair:6   | Reached skill level 10 in Dodging
 20930 | Lair:6   | Reached skill level 16 in Unarmed Combat
 20934 | Lair:6   | Reached XP level 15. HP: 97/97 MP: 13/15
 21677 | Lair:6   | Got a heavily runed steel ring
 21725 | Lair:6   | Identified the ring "Fudidir" {+Blink rN+ Int+3} (You found
                  | it on level 6 of the Lair of Beasts)
 22111 | Orc:1    | Entered Level 1 of the Orcish Mines
 22666 | Orc:1    | Paralysed by an orc sorcerer for 6 turns
 22808 | Orc:2    | Entered Level 2 of the Orcish Mines
 23022 | Orc:2    | Found Qyfuquoff's Antique Armour Shop.
 23029 | Orc:2    | Received a gift from Trog
 23198 | Orc:2    | Found a staircase to the Elven Halls.
 23499 | Orc:2    | Found Neockol's Jewellery Shop.
 23544 | Orc:2    | Found Picoihiv's Antique Weapon Shop.
 23673 | Orc:2    | Found Iddetuof's General Store.
 23681 | Orc:2    | Bought a potion of curing for 33 gold pieces
 23713 | Orc:2    | Found a roughly hewn altar of Beogh.
 23908 | Orc:2    | Noticed an orc warlord
 23933 | Orc:2    | Killed an orc warlord
 24439 | D:13     | Noticed Nessos
 24453 | D:13     | Killed Nessos
 24559 | D:13     | Found a gate to the Vaults.
 24747 | D:13     | Reached skill level 17 in Unarmed Combat
 24882 | D:13     | Noticed Azrael
 24897 | D:13     | Killed Azrael
 25146 | D:13     | Reached XP level 16. HP: 105/105 MP: 16/16
 25268 | D:13     | Noticed Erolcha
 25277 | D:13     | Killed Erolcha
 25390 | D:14     | Noticed Kirke
 25415 | D:14     | Killed Kirke
 25529 | D:14     | Received a gift from Trog
 26164 | D:15     | Entered Level 15 of the Dungeon
 26279 | D:15     | Gained mutation: You occasionally shout uncontrollably at
                  | your foes. [a neqoxec]
 26280 | D:15     | Paralysed by an orc sorcerer for 3 turns
 26473 | D:15     | Reached ****** piety under Trog
 26478 | D:15     | Received a gift from Trog
 26890 | D:15     | Found a staircase to the Depths.
 27612 | Elf:1    | Entered Level 1 of the Elven Halls
 28045 | Shoals:1 | Entered Level 1 of the Shoals
 28084 | Shoals:1 | Found Resiffai's Gadget Emporium.
 28476 | Shoals:1 | Reached skill level 18 in Unarmed Combat
 28830 | Shoals:1 | Received a gift from Trog
 29473 | Shoals:2 | Reached XP level 17. HP: 91/112 MP: 14/17
 29502 | Shoals:2 | Found a large runed door.
 29502 | Shoals:2 | Found a large runed door.
 29527 | Shoals:2 | Noticed Muheiph's ghost (journeyman MiFi)
 29567 | Shoals:2 | Killed Muheiph's ghost
 30211 | Shoals:2 | Reached skill level 15 in Fighting
 30268 | Shoals:2 | Received a gift from Trog
 30825 | Shoals:3 | Noticed Nikola
 30836 | Shoals:3 | Reached skill level 15 in Armour
 30839 | Shoals:3 | Killed Nikola
 31370 | Shoals:3 | Reached skill level 19 in Unarmed Combat
 31748 | Shoals:3 | Found Cyowoinau's Weapon Shop.
 31834 | Shoals:4 | Entered Level 4 of the Shoals
 32130 | Shoals:4 | Got a steaming cloak
 32141 | Shoals:4 | Identified the +2 cloak of Tungy {rPois rF+ Int-2 SInv}
                  | (You found it on level 4 of the Shoals)
 32204 | Shoals:4 | Received a gift from Trog
 32211 | Shoals:4 | Got a slimy scale mail
 32222 | Shoals:4 | Identified the +6 scale mail of Parlour Games {rN+ rCorr
                  | Int-2 Slay+2} (You found it on level 4 of the Shoals)
 32489 | Shoals:4 | Reached XP level 18. HP: 94/119 MP: 18/18
 32540 | Shoals:4 | Received a gift from Trog
 32848 | Shoals:4 | Got a scintillating bone amulet
 32849 | Shoals:4 | Identified the amulet "Iluow" {Reflect *Drain rElec Str-4
                  | SH+4 Stlth+} (You found it on level 4 of the Shoals)
 33010 | Shoals:4 | Got a barnacled rune of Zot
 33447 | Elf:1    | Noticed Agnes
 33471 | Elf:1    | Killed Agnes
 33525 | Elf:1    | Found Peij's Antique Weapon Shop.
 34070 | Elf:1    | Found Xitzaung's One-of-a-Kind Books.
 34624 | Elf:2    | Found a flickering gateway to a bazaar.
 34635 | Bazaar   | Entered a bazaar
 34909 | Bazaar   | Found Mubuvien's Jewellery Emporium.
 34909 | Bazaar   | Found Nuishuruori's Book Shoppe.
 35056 | Elf:2    | Found a runed gate.
 35056 | Elf:2    | Found a runed gate.
 35057 | Elf:2    | Found a runed gate.
 35094 | Elf:2    | Received a gift from Trog
 35543 | Snake:1  | Entered Level 1 of the Snake Pit
 35668 | Snake:1  | Found a runed gate.
 35669 | Snake:1  | Found a runed gate.
 35671 | Snake:1  | Found a runed gate.
 35672 | Snake:1  | Noticed Gearfox's ghost (journeyman DrFi)
 35674 | Snake:1  | Noticed MordorOrchid's ghost (adept OpVM)
 35674 | Snake:1  | Noticed Miblod's ghost (adept GrEE)
 35845 | Snake:1  | Reached skill level 20 in Unarmed Combat
 37099 | Snake:2  | Reached XP level 19. HP: 107/126 MP: 19/19
 37163 | Snake:2  | Received a gift from Trog
 37566 | Snake:2  | Found Anuyfy's Book Emporium.
 37862 | Snake:2  | Noticed Vashnia
 37875 | Snake:2  | Killed Vashnia
 38233 | Snake:2  | You are sucked into a shaft!
 38555 | Snake:2  | Received a gift from Trog
 38670 | Snake:3  | Noticed Saint Roka
 39111 | Snake:2  | Killed Saint Roka
 39823 | Snake:4  | Entered Level 4 of the Snake Pit
 39854 | Snake:4  | Found Ymeocsoisk's Jewellery Shoppe.
 39876 | Snake:4  | Bought the ring of Robustness {AC+8} for 2304 gold pieces
 39876 | Snake:4  | Found the ring of Robustness {AC+8}
 39878 | Snake:4  | Found Vaboqysch's Assorted Antiques.
 40210 | Snake:4  | Received a gift from Trog
 40795 | Snake:4  | Reached skill level 21 in Unarmed Combat
 40840 | Snake:4  | Slain by a nagaraja

Skill      XL: |  1  2  3  4  5  6  7  8  9 10 11 12 13 14 15 16 17 18 19 |
---------------+----------------------------------------------------------+-----
Dodging        | 2 3 4 5 6 7 8 9 10 11 12 13 | 13.5
Fighting       | 4 5 6 7 8 9 11 12 13 14 15 16 17 | 17.0
Armour         | 3 4 5 7 8 9 10 11 12 13 14 15 16 | 16.9
Unarmed Combat | 4 5 6 7 9 10 12 13 14 16 17 18 19 20 21 | 21.0

Action                   |  1- 3 |  4- 6 |  7- 9 | 10-12 | 13-15 | 16-18 | 19-21 || total
-------------------------+-------+-------+-------+-------+-------+-------+-------++-------
Melee: Unarmed           |   110 |   154 |   665 |  1067 |  1669 |  1657 |   535 ||  5857
       Punch             |     1 |     2 |    17 |    51 |   133 |   167 |    80 ||   451
Invok: Berserk           |     1 |     3 |     2 |     5 |     7 |     3 |     1 ||    22
       Trog's Hand       |       |     2 |     5 |     5 |     8 |     9 |     4 ||    33
       Brothers in Arms  |       |       |       |       |       |     5 |     3 ||     8
 Abil: Fly               |       |       |       |       |     1 |       |       ||     1
Evoke: Wand              |       |       |       |     5 |     6 |     3 |       ||    14
  Use: Scroll            |     3 |     3 |    14 |     7 |    14 |    10 |       ||    51
       Potion            |       |       |       |     1 |     3 |     3 |       ||     7
 Stab: Sleeping          |     1 |       |       |       |       |       |       ||     1
       Petrified         |       |       |       |       |     2 |       |       ||     2
       Distracted        |       |       |       |       |       |     2 |       ||     2
  Eat: Chunk             |       |     9 |    15 |    22 |    44 |    42 |    11 ||   143
       Ration            |       |       |     1 |     3 |     1 |     2 |     1 ||     8
Armor: Animal skin       |    19 |       |       |       |       |       |       ||    19
       Leather armour    |    11 |    50 |       |       |       |       |       ||    61
       Chain mail        |       |    30 |   402 |   110 |       |       |       ||   542
       Plate armour      |       |       |       |   686 |   926 |   808 |       ||  2420
       Scale mail        |       |       |       |       |       |   287 |   252 ||   539
Dodge: Dodged            |    63 |   108 |   351 |   686 |  1095 |  1599 |   419 ||  4321
